Map: Orbital Shipyard

Players

Miszu - Winner!

  • Race: Terran Terran
  • League: Master

StekepaNNe

  • Race: Zerg Zerg
  • League: Master

VOD

Have the link to the VOD?

Description

Time

  • Played on: March 10, 2016, 5:27 p.m.
  • Length: 10:18
Show
View Real Time Build Order
Export as new Build Order

Miszu Terran - Winner!

Build Orders: MMM Bio 

Get SALT Encoding   

  12  0:01  SCV  
  13  0:13  SCV  
  14  0:17  Supply Depot  
  14  0:25  SCV  
  15  0:39  SCV  
  15  0:41  Barracks  
  16  0:44  Refinery  
  16  0:51  SCV  
  17  1:03  SCV  
  18  1:15  SCV  
  19  1:28  Orbital Command  
  19  1:29  Barracks Reactor  
  19  1:40  Command Center  
  19  1:54  SCV  
  20  2:06  Reaper x2, SCV  
  20  2:07  Supply Depot  
  23  2:27  Command Center  
  23  2:28  SCV  
  24  2:40  SCV  
  24  2:41  Reaper x2  
  27  2:52  Orbital Command  
  27  2:53  SCV  
  27  2:58  Refinery  
  28  3:05  SCV  
  29  3:17  SCV  
  29  3:19  Reaper x2, SCV  
  33  3:29  SCV  
  33  3:31  SCV  
  35  3:38  Barracks  
  35  3:39  Barracks  
  35  3:41  SCV, Orbital Command  
  36  3:43  SCV  
  37  3:53  SCV  
  38  3:55  SCV  
  39  4:05  SCV  
  39  4:07  SCV  
  39  4:08  Factory, SCV  
  39  4:09  Refinery x2  
  42  4:10  Marine x2  
  44  4:17  SCV  
  44  4:18  Engineering Bay  
  44  4:19  Engineering Bay, SCV  
  44  4:20  SCV  
  47  4:29  SCV  
  47  4:31  SCV  
  48  4:32  Marine  
  48  4:33  Marine  
  48  4:37  Barracks Tech Lab  
  48  4:38  Barracks Tech Lab, Orbital Command  
  48  4:42  SCV x2  
  50  4:48  Terran Infantry Weapons Level 1, Terran Infantry Armor Level 1  
  50  4:50  Marine  
  50  4:51  Marine  
  52  4:54  SCV  
  52  4:59  Marine x2  
  55  5:01  Stimpack  
  55  5:02  Starport, Factory Reactor  
  55  5:05  SCV x2  
  55  5:06  SCV  
  58  5:08  Marine  
  58  5:09  Marine  
  58  5:14  Supply Depot x2  
  60  5:17  Marine  
  60  5:20  Barracks x2  
  61  5:21  Supply Depot  
  61  5:24  Supply Depot  
  61  5:25  Combat Shields  
  61  5:35  Marine x4, SCV x3  
  68  5:44  Supply Depot  
  68  5:47  SCV x3  
  68  5:49  Factory Reactor  
  71  5:50  Supply Depot  
  71  5:51  Medivac, Armory  
  71  5:52  Medivac  
  71  5:53  Marine x2  
  77  5:58  Marine  
  77  5:59  Marine, SCV x3  
  82  6:07  Barracks Reactor  
  82  6:08  Barracks Reactor  
  82  6:10  Marine x2  
  84  6:11  SCV x2  
  84  6:12  Supply Depot  
  84  6:15  Missile Turret  
  84  6:16  Marauder  
  84  6:17  SCV  
  89  6:19  Marine, Missile Turret  
  89  6:22  Medivac  
  89  6:24  SCV x2  
  94  6:28  Marine x2  
  94  6:29  Widow Mine  
  94  6:30  SCV  
  94  6:31  Widow Mine  
  101  6:36  SCV x2  
  101  6:37  Marine  
  101  6:38  Supply Depot  
  104  6:44  Supply Depot  
  104  6:45  Supply Depot  
  104  6:47  Terran Infantry Weapons Level 2  
  104  6:48  Supply Depot  
  104  6:49  Terran Infantry Armor Level 2  
  104  6:52  Marine x3  
  108  6:54  SCV  
  108  6:56  Medivac  
  110  7:10  Marine, Marauder  
  110  7:11  Marine  
  110  7:12  Marauder  
  116  7:18  Command Center  
  116  7:19  Marine x4  
  120  7:28  Marine  
  120  7:29  Marine  
  121  7:32  Marauder  
  121  7:33  Marauder  
  121  7:43  Marine, Widow Mine x2  
  123  7:44  Medivac  
  123  7:48  Barracks  
  123  7:49  Barracks  
  123  7:50  Barracks  
  117  7:52  Marine x5  
  117  7:53  Marauder  
  117  7:55  Marauder  
  123  8:00  Marine  
  123  8:03  Medivac  
  125  8:09  Marine  
  125  8:11  Widow Mine  
  125  8:12  Widow Mine  
  130  8:14  SCV  
  130  8:15  Marauder, SCV x2  
  130  8:16  Marauder  
  130  8:18  Marine x2  
  130  8:19  Marine x3  
  142  8:26  Supply Depot x2, SCV  
  143  8:27  Marine, SCV x2  
  143  8:29  Supply Depot x2  
  143  8:31  Supply Depot  
  146  8:36  Marauder  
  146  8:37  Marine, Marauder  
  146  8:38  Marine, SCV  
  146  8:39  SCV x2  
  146  8:40  Widow Mine, Planetary Fortress  
  157  8:43  Barracks Reactor x2  
  157  8:44  Barracks Tech Lab  
  157  8:45  Barracks Tech Lab x2  
  156  8:48  Marine, Widow Mine  
  156  8:50  SCV  
  156  8:51  Marine  
  153  8:56  SCV x2, Missile Turret  
  153  8:57  Marauder  
  153  8:59  Marauder  
  153  9:05  Marine  
  153  9:06  Marauder  
  153  9:08  Widow Mine  
  151  9:12  Marine  
  151  9:13  Marine x5, Marauder  
  151  9:17  Widow Mine  
  151  9:19  Marauder  
  151  9:20  Marine  
  151  9:23  Marine  
  153  9:26  Marine  
  153  9:30  Marine  
  153  9:31  Marine x4, Marauder  
  154  9:33  Marine  
  154  9:38  Marauder  
  153  9:40  Marine, Missile Turret  
  153  9:41  Marine  
  155  9:51  Marine  
  155  9:52  Marine x3, Marauder x2  
Show
View Real Time Build Order
Export as new Build Order

StekepaNNe Zerg 

Build Orders: Hatch First, Muta Ling Bane 

Get SALT Encoding   

  12  0:01  Drone  
  13  0:12  Overlord  
  13  0:17  Drone  
  14  0:30  Drone  
  14  0:31  Drone  
  14  0:35  Drone  
  17  0:55  Hatchery  
  16  0:57  Drone  
  16  0:58  Drone  
  18  1:13  Spawning Pool  
  18  1:15  Drone  
  18  1:20  Drone  
  19  1:27  Drone  
  20  1:41  Hatchery  
  20  1:43  Drone  
  20  1:48  Extractor  
  20  1:49  Drone  
  20  1:59  Queen  
  22  2:07  Queen  
  24  2:11  Zergling x2  
  25  2:16  Overlord  
  25  2:19  Drone  
  25  2:22  Drone  
  27  2:26  Drone  
  28  2:35  Drone  
  29  2:39  Drone  
  29  2:43  Queen  
  32  2:53  Metabolic Boost  
  32  2:57  Zergling x8  
  36  3:07  Queen  
  36  3:10  Overlord  
  37  3:24  Drone x3  
  37  3:26  Queen  
  42  3:48  Zergling x10  
  45  3:49  Zergling x2  
  45  3:51  Queen  
  50  3:59  Roach Warren  
  49  4:12  Overlord  
  47  4:36  Drone x11  
  58  4:39  Lair  
  58  4:40  Overlord  
  58  4:41  Extractor  
  58  4:42  Overlord  
  58  4:44  Extractor  
  56  4:47  Overlord x2  
  56  4:48  Drone  
  57  4:56  Extractor  
  53  5:01  Drone x6  
  58  5:12  Drone x3  
  59  5:22  Baneling Nest  
  59  5:23  Drone  
  59  5:24  Drone x7  
  66  5:29  Drone x4  
  66  5:32  Extractor  
  69  5:40  Glial Reconstitution, Spire  
  68  5:45  Evolution Chamber  
  68  5:49  Drone  
  68  5:50  Evolution Chamber  
  68  5:51  Drone x2  
  68  5:52  Drone  
  70  6:04  Drone x8  
  70  6:05  Drone  
  70  6:07  Drone  
  70  6:09  Centrifical Hooks  
  80  6:14  Zerg Ground Armor Level 1  
  80  6:17  Zerg Melee Weapons Level 1  
  80  6:22  Drone  
  80  6:23  Extractor  
  80  6:36  Baneling  
  80  6:37  Baneling x6  
  80  6:38  Roach x5  
  80  6:39  Overlord x2  
  89  6:47  Overlord  
  89  6:48  Overlord  
  89  6:56  Overlord  
  89  7:07  Zergling x28  
  90  7:58  Mutalisk x7  
  90  7:59  Mutalisk x4  
  112  8:13  Spore Crawler  
  112  8:17  Mutalisk x4  
  119  8:29  Zergling x10  
  124  8:34  Hatchery  
  124  8:35  Hatchery  
  124  8:38  Extractor  
  124  8:40  Baneling x5  
  121  8:42  Zergling x8  
  123  9:11  Zergling x2  
  123  9:12  Zergling x20  
  123  9:14  Baneling x2  
  123  9:15  Baneling  
  130  9:18  Overseer x2  
  111  9:45  Zergling x4  
  111  9:46  Zergling x12  
Tags
 
Add a new tag
Caveats
  • Supply blocks, unpowered buildings, or Contaminate may cause inaccurate times.
  • Supply counts are checked every 10 seconds.